Oilers vs Predators

Created - 9 janvier 2018 at 15:55

Goals
1 2 3 T
Oilers 1 1 2 4
Predators 1 1 0 2
Shots
1 2 3 T
Oilers 11 7 19 37
Predators 12 13 3 28

1st period

1. Predators , Ryan Callahan 14 (Brenden Dillon 13, Kyle Okposo 21) at 5:47
2. Oilers , Daniel Sedin 24 (Scott Glennie 24, Vincent Lecavalier 36) at 17:54 (PP)

Penalties :
Matt Kinch (EDM) for Tripping (Minor) at 3:07, Ryan Callahan (NSH) for High sticking (Minor) at 3:09, Ladislav Smid (NSH) for Hooking (Minor) at 17:14

2nd period

3. Oilers , Scott Glennie 16 (Vincent Lecavalier 37) at 0:19 (PP)
4. Predators , Tyler Bozak 9 (Ladislav Smid 13) at 2:18

Penalties :
Ladislav Smid (NSH) for Cross-checking (Minor) at 0:04, Derek Roy (NSH) for Holding (Minor) at 5:06

3rd period

5. Oilers , Daniel Sedin 25 (Scott Glennie 25, Vincent Lecavalier 38) at 0:12
6. Oilers , Vincent Lecavalier 20 (Matt Kinch 15, Dougie Hamilton 22) at 19:15 (Empty Net)

Penalties :
Brenden Dillon (NSH) for Roughing (Minor) at 1:55, Ryan Callahan (NSH) for Roughing (Minor) at 9:34

Goalie Stats

Ben Bishop (EDM), 26 saves from 28 shots - (0,929), W, 25-13-1, 60:00 minutes
Cam Ward (NSH), 33 saves from 36 shots - (0,917), L, 17-10-5, 59:23 minutes

Players Stats for Oilers

Player Name              G  A  P  +/- PIM S  H  SB GA TA FO     MP     PP MP  PK MP  
------------------------------------------------------------------------------------
Alex Burrows             0  0  0   0  0   1  2  1  0  0  0/0    13:58   0:00   0:00 
Andrej Sekera            0  0  0   0  0   0  0  0  0  0  0/0    10:08   0:30   0:02 
Brent Aubin              0  0  0   0  0   3  3  0  0  0  1/2    16:51   0:00   0:00 
Daniel Sedin             2  0  2   0  0   6  0  0  0  0  1/3    19:33   5:22   0:00 
Dougie Hamilton          0  1  1   1  0   1  6  0  0  0  0/0    21:31   2:57   0:00 
Gustav Nyquist           0  0  0   0  0   1  0  0  0  0  0/1    16:17   1:29   0:00 
J.P. Dumont              0  0  0   0  0   2  0  0  0  0  0/0    16:54   0:03   0:00 
Jared Cowen              0  0  0  -1  0   1  4  1  0  0  0/0    16:53   2:57   0:00 
Jori Lehtera             0  0  0   0  0   0  0  0  0  0  4/6     6:59   0:00   0:02 
Mark Arcobello           0  0  0   0  0   0  1  0  0  0  2/2     7:14   0:00   0:00 
Matt Kinch               0  1  1   1  2   1  2  0  0  0  0/0    19:22   0:17   0:00 
Mike Hoffman             0  0  0   0  0   0  0  0  0  0  0/1     7:16   0:00   0:02 
Morgan Rielly            0  0  0   0  0   6  0  3  0  0  0/0    25:09   3:10   0:00 
Sam Gagner               0  0  0   0  0   2  2  0  0  0  9/18   17:49   3:51   0:00 
Scott Glennie            1  2  3   0  0   3  1  0  0  0  0/1    17:14   3:03   0:00 
Tim Connolly             0  0  0   0  0   4  0  1  0  0  8/20   18:23   1:32   0:00 
Tom Gilbert              0  0  0  -1  0   2  0  2  0  0  0/0    24:42   3:57   0:02 
Vincent Lecavalier       1  3  4   0  0   4  3  1  0  0  25/38  21:47   5:22   0:00 

Players Stats for Predators

Player Name              G  A  P  +/- PIM S  H  SB GA TA FO     MP     PP MP  PK MP  
------------------------------------------------------------------------------------
Boyd Gordon              0  0  0   0  0   0  0  0  0  0  7/18   12:28   0:00   3:17 
Brandon Dubinsky         0  0  0   0  0   1  2  0  0  0  14/31  19:14   0:02   3:37 
Brenden Dillon           0  1  1   1  2   0  2  0  0  0  0/0    21:03   0:02   2:33 
Chris Harrington         0  0  0   0  0   0  0  0  0  0  0/0    16:46   0:00   0:57 
Danny Dekeyser           0  0  0  -1  0   0  0  0  0  0  0/0    22:56   0:00   4:10 
Derek Roy                0  0  0  -1  2   4  2  0  0  0  8/17   13:27   0:00   0:00 
Kevan Miller             0  0  0   0  0   2  1  0  0  0  0/0    16:32   0:00   2:42 
Kyle Okposo              0  1  1   0  0   5  0  0  0  0  1/3    14:42   0:02   0:00 
Ladislav Smid            0  1  1   0  4   0  6  0  0  0  0/0    23:21   0:00   2:51 
Lauri Korpikoski         0  0  0   0  0   1  0  0  0  0  0/0     8:09   0:00   0:00 
Ondrej Palat             0  0  0   1  0   4  0  0  0  0  1/1    15:52   0:00   0:00 
Patrick Eaves            0  0  0  -1  0   2  0  0  0  0  1/1    13:28   0:00   0:00 
Paul Byron               0  0  0   0  0   1  2  0  0  0  1/3    12:41   0:00   3:37 
R.J. Umberger            0  0  0  -1  0   3  0  0  0  0  0/1    14:28   0:00   1:00 
Ryan Callahan            1  0  1   0  4   4  2  0  0  0  1/2    16:57   0:01   2:17 
Slava Voynov             0  0  0   0  0   0  1  1  0  0  0/0    19:19   0:02   0:35 
Tuomo Ruutu              0  0  0   1  0   0  6  0  0  0  0/0    14:50   0:00   0:00 
Tyler Bozak              1  0  1   1  0   1  0  0  0  0  8/15   14:50   0:00   0:00 

3 Stars

1 - Vincent Lecavalier (EDM)
2 - Scott Glennie (EDM)
3 - Daniel Sedin (EDM)

Power Play

Oilers - 2 on 6 Attempt(s) - 33,33%
Predators - 0 on 1 Attempt(s) - 0,00%

Penalty Kill

Oilers - 1 on 1 Attempt(s) - 100,00% - Score 0 goal in Penalty Kill
Predators - 4 on 6 Attempt(s) - 66,67% - Score 0 goal in Penalty Kill

Team Stat

Oilers - Hits : 24 - Faceoff Wins : 50 - Blocked Shots : 9 - Penalty Minutes : 2
Predators - Hits : 24 - Faceoff Wins : 42 - Blocked Shots : 1 - Penalty Minutes : 12

Official

Referees : Pierre Lambert and Dan O'Rourke
Linesman : Kenneth Gates and Ed Boyle

Game Notes

Andrej Sekera is injured at 5:35 of 2nd period (Sprained Left Knee)
Vincent Lecavalier has scored in a empty net!

Finance

Level 1 -- Attendance: 3600 (60,00%) -- Ticket Income 792 000 $
Level 2 -- Attendance: 3000 (60,00%) -- Ticket Income 375 000 $
Level 3 -- Attendance: 1242 (62,10%) -- Ticket Income 99 360 $
Level 4 -- Attendance: 2400 (60,00%) -- Ticket Income 144 000 $
Luxury Box -- Attendance: 1000 (100,00%) -- Ticket Income 350 000 $
Game was played at the Gaylord Entertainment Center.
Total Attendance: 11242 (62,46%)
Total Ticket Income: 1 760 360 $
Other Income: 862 576 $
Total Income: 2 622 936 $

Oilers

5 vs 5 Forward 
   Center                   Left Wing                Right Wing               Time % Phy DF OF 
 1 Vincent Lecavalier       Daniel Sedin             Scott Glennie            35     0   2  3  
 2 Tim Connolly             J.P. Dumont              Brent Aubin              33     0   2  3  
 3 Sam Gagner               Gustav Nyquist           Alex Burrows             26     0   2  3  
 4 Jori Lehtera             Mike Hoffman             Mark Arcobello           6      0   3  2  

5 vs 5 Defense 
   Defense                  Defense                                           Time % Phy DF OF 
 1 Tom Gilbert              Jared Cowen                                       37     0   3  2  
 2 Andrej Sekera            Morgan Rielly                                     35     0   3  2  
 3 Dougie Hamilton          Matt Kinch                                        28     0   3  2  
 4 Tom Gilbert              Matt Kinch                                        0      0   3  2  

PowerPlay Forward 
   Center                   Left Wing                Right Wing               Time % Phy DF OF 
 1 Vincent Lecavalier       Daniel Sedin             Sam Gagner               50     0   0  5  
 2 Vincent Lecavalier       Daniel Sedin             Scott Glennie            50     0   0  5  

PowerPlay Defense
   Defense                  Defense                                           Time % Phy DF OF 
 1 Tom Gilbert              Andrej Sekera                                     50     0   0  5  
 2 Dougie Hamilton          Jared Cowen                                       50     0   0  5  

Penalty Kill 4 Players Forward 
   Center                   Wing                     Time % Phy DF OF 
 1 Jori Lehtera             Mike Hoffman             50     0   5  0  
 2 Mark Arcobello           Gustav Nyquist           50     0   5  0  

Penalty Kill 4 Players Defense
   Defense                  Defense                  Time % Phy DF OF 
 1 Tom Gilbert              Andrej Sekera            50     0   5  0  
 2 Dougie Hamilton          Morgan Rielly            50     0   5  0  

Penalty Kill - 3 Players Forward 
   Forward                                           Time % Phy DF OF 
 1 Jori Lehtera                                      50     0   5  0  
 2 Mark Arcobello                                    50     0   5  0  

Penalty Kill - 3 Players Defense
   Defense                  Defense                  Time % Phy DF OF 
 1 Tom Gilbert              Andrej Sekera            50     0   5  0  
 2 Matt Kinch               Morgan Rielly            50     0   5  0  

4 vs 4 Forward 
   Center                   Wing                     Time % Phy DF OF 
 1 Mark Arcobello           Mike Hoffman             50     0   2  3  
 2 Jori Lehtera             Gustav Nyquist           50     0   2  3  

4 vs 4 Defense
   Defense                  Defense                  Time % Phy DF OF 
 1 Matt Kinch               Dougie Hamilton          50     0   3  2  
 2 Andrej Sekera            Morgan Rielly            50     0   3  2  

Last Minutes Offensive
   Center                   Left Wing                Right Wing               Defense                  Defense                  
   Alex Burrows             Vincent Lecavalier       Tim Connolly             Andrej Sekera            Tom Gilbert              

Last Minutes Defensive
   Center                   Left Wing                Right Wing               Defense                  Defense                  
   Alex Burrows             Vincent Lecavalier       Tim Connolly             Tom Gilbert              Andrej Sekera            

Goaltenders
Starting : Ben Bishop               
Backup : Lars Johansson           

Extra Forwards
Normal : Vincent Lecavalier, Daniel Sedin, Tim Connolly - PP : Daniel Sedin, Tim Connolly - PK : J.P. Dumont
Extra Defensemen
Normal : Andrej Sekera, Tom Gilbert, Morgan Rielly - PP : Morgan Rielly - PK : Tom Gilbert, Dougie Hamilton
Penalty Shots
J.P. Dumont, Tim Connolly, Daniel Sedin, Mike Hoffman, Vincent Lecavalier
Custom OT Lines Forwards
Alex Burrows, Daniel Sedin, Tim Connolly, Scott Glennie, Vincent Lecavalier, J.P. Dumont, Mark Arcobello, Jori Lehtera, Mike Hoffman, Sam Gagner
Custom OT Lines Defensemen
Tom Gilbert, Andrej Sekera, Jared Cowen, Morgan Rielly, Dougie Hamilton

Scratches
Pavel Datsyuk (Broken Bone (Right Leg) Injury)

Predators

5 vs 5 Forward 
   Center                   Left Wing                Right Wing               Time % Phy DF OF 
 1 Brandon Dubinsky         Ryan Callahan            Kyle Okposo              29     0   2  3  
 2 Tyler Bozak              Ondrej Palat             Tuomo Ruutu              28     0   2  3  
 3 Derek Roy                R.J. Umberger            Patrick Eaves            26     0   2  3  
 4 Boyd Gordon              Paul Byron               Lauri Korpikoski         17     0   3  2  

5 vs 5 Defense 
   Defense                  Defense                                           Time % Phy DF OF 
 1 Danny Dekeyser           Ladislav Smid                                     37     0   3  2  
 2 Slava Voynov             Brenden Dillon                                    35     0   3  2  
 3 Chris Harrington         Kevan Miller                                      28     0   4  1  
 4 Chris Harrington         Ladislav Smid                                     0      0   4  1  

PowerPlay Forward 
   Center                   Left Wing                Right Wing               Time % Phy DF OF 
 1 Brandon Dubinsky         Ryan Callahan            Kyle Okposo              50     0   0  5  
 2 Tyler Bozak              Ondrej Palat             Tuomo Ruutu              50     0   0  5  

PowerPlay Defense
   Defense                  Defense                                           Time % Phy DF OF 
 1 Slava Voynov             Brenden Dillon                                    50     0   1  4  
 2 Danny Dekeyser           Kevan Miller                                      50     0   1  4  

Penalty Kill 4 Players Forward 
   Center                   Wing                     Time % Phy DF OF 
 1 Brandon Dubinsky         Paul Byron               50     0   5  0  
 2 Boyd Gordon              Ryan Callahan            50     0   5  0  

Penalty Kill 4 Players Defense
   Defense                  Defense                  Time % Phy DF OF 
 1 Ladislav Smid            Kevan Miller             50     0   5  0  
 2 Danny Dekeyser           Brenden Dillon           50     0   5  0  

Penalty Kill - 3 Players Forward 
   Forward                                           Time % Phy DF OF 
 1 R.J. Umberger                                     50     0   5  0  
 2 Boyd Gordon                                       50     0   5  0  

Penalty Kill - 3 Players Defense
   Defense                  Defense                  Time % Phy DF OF 
 1 Ladislav Smid            Kevan Miller             50     0   5  0  
 2 Danny Dekeyser           Brenden Dillon           50     0   5  0  

4 vs 4 Forward 
   Center                   Wing                     Time % Phy DF OF 
 1 Brandon Dubinsky         Paul Byron               50     0   2  3  
 2 Boyd Gordon              Ondrej Palat             50     0   2  3  

4 vs 4 Defense
   Defense                  Defense                  Time % Phy DF OF 
 1 Slava Voynov             Brenden Dillon           50     0   2  3  
 2 Danny Dekeyser           Ladislav Smid            50     0   2  3  

Last Minutes Offensive
   Center                   Left Wing                Right Wing               Defense                  Defense                  
   Brandon Dubinsky         Ryan Callahan            Kyle Okposo              Slava Voynov             Danny Dekeyser           

Last Minutes Defensive
   Center                   Left Wing                Right Wing               Defense                  Defense                  
   Derek Roy                R.J. Umberger            Ryan Callahan            Ladislav Smid            Brenden Dillon           

Goaltenders
Starting : Cam Ward                 
Backup : Peter Budaj              

Extra Forwards
Normal : Derek Roy, Tuomo Ruutu, Tyler Bozak - PP : Tuomo Ruutu, Patrick Eaves - PK : R.J. Umberger
Extra Defensemen
Normal : Brenden Dillon, Ladislav Smid, Slava Voynov - PP : Chris Harrington - PK : Danny Dekeyser, Ladislav Smid
Penalty Shots
Tuomo Ruutu, Ryan Callahan, Kyle Okposo, Tyler Bozak, Derek Roy
Custom OT Lines Forwards
Brandon Dubinsky, Ryan Callahan, Tyler Bozak, Tuomo Ruutu, Derek Roy, Kyle Okposo, R.J. Umberger, Ondrej Palat, Boyd Gordon, Paul Byron
Custom OT Lines Defensemen
Slava Voynov, Brenden Dillon, Ladislav Smid, Danny Dekeyser, Kevan Miller

Scratches
Johnny Boychuck (Abdominal Strain Injury)

% Time on Ice - Oilers

Lines # - Real PCT - Wanted PCT - Time Play
Normal Forward
1 - 28% - 35% - 14:11
2 - 33% - 33% - 16:51
3 - 27% - 26% - 13:58
4 - 12% - 6% - 6:07
Normal Defense
1 - 22% - 37% - 11:02
2 - 44% - 35% - 22:26
3 - 35% - 28% - 17:39
4 - 0% - 0% - 0:00
PP Forward
1 - 56% - 50% - 3:51
2 - 44% - 50% - 3:03
PP Defense
1 - 57% - 50% - 3:57
2 - 43% - 50% - 2:57
PK Forward
1 - 100% - 50% - 0:02
2 - 0% - 50% - 0:00
PK Defense
1 - 100% - 50% - 0:02
2 - 0% - 50% - 0:00
PK3 Forward
1 - 0% - 50%
2 - 0% - 50%
PK3 Defense
1 - 0% - 50%
2 - 0% - 50%
44 Forward
1 - 57% - 50% - 1:07
2 - 43% - 50% - 0:50
44 Defense
1 - 47% - 50% - 0:55
2 - 53% - 50% - 1:02
Last Minute Offensive  - 0:00
Last Minute Defensive  - 0:00
Total
Forward - 60:00
Defense - 60:00

% Time on Ice - Predators

Lines # - Real PCT - Wanted PCT - Time Play
Normal Forward
1 - 28% - 29% - 14:27
2 - 29% - 28% - 14:50
3 - 26% - 26% - 13:28
4 - 16% - 17% - 8:09
Normal Defense
1 - 34% - 37% - 17:31
2 - 35% - 35% - 17:34
3 - 27% - 28% - 13:50
4 - 4% - 0% - 1:59
PP Forward
1 - 100% - 50% - 0:02
2 - 0% - 50% - 0:00
PP Defense
1 - 100% - 50% - 0:02
2 - 0% - 50% - 0:00
PK Forward
1 - 52% - 50% - 3:37
2 - 48% - 50% - 3:17
PK Defense
1 - 39% - 50% - 2:42
2 - 61% - 50% - 4:12
PK3 Forward
1 - 0% - 50%
2 - 0% - 50%
PK3 Defense
1 - 0% - 50%
2 - 0% - 50%
44 Forward
1 - 47% - 50% - 0:55
2 - 53% - 50% - 1:02
44 Defense
1 - 47% - 50% - 0:55
2 - 53% - 50% - 1:02
Last Minute Offensive  - 0:13
Last Minute Defensive  - 0:00
Total
Forward - 60:00
Defense - 60:00

Play by Play

1st period


0:01 of 1st period - Vincent Lecavalier wins face-off versus Ryan Callahan in neutral zone.
0:03 of 1st period - Off-side.
0:04 of 1st period - Tyler Bozak wins face-off versus Tim Connolly in neutral zone.
0:11 of 1st period - Tim Connolly is hit by Tuomo Ruutu and loses puck.
0:18 of 1st period - Tuomo Ruutu is hit by Brent Aubin and loses puck.
1:05 of 1st period - Shot by Daniel Sedin.
1:05 of 1st period - Shot Misses the Net.
1:17 of 1st period - Brenden Dillon is hit by Vincent Lecavalier and loses puck.
1:24 of 1st period - Shot by Vincent Lecavalier.
1:24 of 1st period - Stopped by Cam Ward with a rebound.
1:26 of 1st period - Shot by Daniel Sedin.
1:26 of 1st period - Stopped by Cam Ward without a rebound.
1:27 of 1st period - Sam Gagner wins face-off versus Derek Roy in Predators zone.
1:39 of 1st period - Patrick Eaves is hit by Matt Kinch and loses puck.
1:47 of 1st period - Patrick Eaves is hit by Dougie Hamilton and loses puck.
1:58 of 1st period - Shot by Derek Roy.
1:58 of 1st period - Stopped by Ben Bishop without a rebound.
1:59 of 1st period - Brandon Dubinsky wins face-off versus Jori Lehtera in Oilers zone.
2:04 of 1st period - Shot by Kyle Okposo.
2:04 of 1st period - Stopped by Ben Bishop without a rebound.
2:05 of 1st period - Vincent Lecavalier wins face-off versus Brandon Dubinsky in Oilers zone.
2:25 of 1st period - Shot by Kyle Okposo.
2:25 of 1st period - Shot Blocked by Tom Gilbert.
2:29 of 1st period - Shot by Brandon Dubinsky.
2:29 of 1st period - Shot Misses the Net.
2:31 of 1st period - Shot by Kevan Miller.
2:31 of 1st period - Stopped by Ben Bishop without a rebound.
2:32 of 1st period - Sam Gagner wins face-off versus Boyd Gordon in Oilers zone.
2:32 of 1st period - Sam Gagner is hit by Paul Byron.
2:40 of 1st period - Paul Byron is hit by Dougie Hamilton and loses puck.
2:48 of 1st period - Paul Byron is hit by Dougie Hamilton and loses puck.
2:58 of 1st period - Icing by Matt Kinch.
2:59 of 1st period - Brandon Dubinsky wins face-off versus Sam Gagner in Oilers zone.
3:07 of 1st period - Minor Penalty to Matt Kinch for Tripping.
3:08 of 1st period - Jori Lehtera wins face-off versus Brandon Dubinsky in Oilers zone.
3:08 of 1st period - Andrej Sekera is hit by Brandon Dubinsky.
3:09 of 1st period - Minor Penalty to Ryan Callahan for High sticking.
3:10 of 1st period - Mark Arcobello wins face-off versus Paul Byron in Predators zone.
3:20 of 1st period - Mike Hoffman is hit by Brenden Dillon and loses puck.
4:34 of 1st period - Icing by Danny Dekeyser.
4:35 of 1st period - Jori Lehtera wins face-off versus Boyd Gordon in Predators zone.
5:01 of 1st period - Off-side.
5:02 of 1st period - Mark Arcobello wins face-off versus Brandon Dubinsky in neutral zone.
5:15 of 1st period - Shot by Tim Connolly.
5:15 of 1st period - Stopped by Cam Ward with a rebound.
5:17 of 1st period - Shot by Andrej Sekera.
5:17 of 1st period - Shot Misses the Net.
5:19 of 1st period - Shot by Brent Aubin.
5:19 of 1st period - Stopped by Cam Ward without a rebound.
5:20 of 1st period - Brandon Dubinsky wins face-off versus Vincent Lecavalier in Predators zone.
5:25 of 1st period - Shot by Kyle Okposo.
5:25 of 1st period - Shot Misses the Net.
5:27 of 1st period - Shot by Brandon Dubinsky.
5:27 of 1st period - Shot Misses the Net.
5:43 of 1st period - Shot by Kyle Okposo.
5:43 of 1st period - Shot Misses the Net.
5:45 of 1st period - Shot by Brenden Dillon.
5:45 of 1st period - Shot Misses the Net.
5:47 of 1st period - Shot by Ryan Callahan.
5:47 of 1st period - Goal by Ryan Callahan - Oilers : 0 - Predators : 1.
5:48 of 1st period - Derek Roy wins face-off versus Brent Aubin in neutral zone.
5:55 of 1st period - Shot by R.J. Umberger.
5:55 of 1st period - Stopped by Ben Bishop without a rebound.
5:56 of 1st period - Derek Roy wins face-off versus Tim Connolly in Oilers zone.
6:08 of 1st period - Icing by Danny Dekeyser.
6:09 of 1st period - Derek Roy wins face-off versus Vincent Lecavalier in Predators zone.
6:21 of 1st period - Icing by Matt Kinch.
6:22 of 1st period - Boyd Gordon wins face-off versus Daniel Sedin in Oilers zone.
6:27 of 1st period - Shot by Paul Byron.
6:27 of 1st period - Stopped by Ben Bishop without a rebound.
6:28 of 1st period - Tim Connolly wins face-off versus Kyle Okposo in Oilers zone.
6:39 of 1st period - Shot by Tim Connolly.
6:39 of 1st period - Stopped by Cam Ward without a rebound.
6:40 of 1st period - Boyd Gordon wins face-off versus Sam Gagner in Predators zone.
6:58 of 1st period - Shot by Paul Byron.
6:58 of 1st period - Shot Blocked by Alex Burrows.
7:00 of 1st period - Shot by Lauri Korpikoski.
7:00 of 1st period - Stopped by Ben Bishop with a rebound.
7:02 of 1st period - Shot by Paul Byron.
7:02 of 1st period - Shot Hit the Post.
7:04 of 1st period - Shot by Lauri Korpikoski.
7:04 of 1st period - Shot Hit the Post.
7:06 of 1st period - Shot by Kevan Miller.
7:06 of 1st period - Stopped by Ben Bishop with a rebound.
7:54 of 1st period - Off-side.
7:55 of 1st period - Tyler Bozak wins face-off versus Tim Connolly in neutral zone.
9:40 of 1st period - Shot by Derek Roy.
9:40 of 1st period - Deflect By Patrick Eaves.
9:40 of 1st period - Shot Misses the Net.
10:27 of 1st period - Brandon Dubinsky is hit by Jared Cowen and loses puck.
10:52 of 1st period - Shot by Alex Burrows.
10:52 of 1st period - Deflect By Sam Gagner.
10:52 of 1st period - Shot Misses the Net.
10:56 of 1st period - Shot by Gustav Nyquist.
10:56 of 1st period - Stopped by Cam Ward without a rebound.
10:57 of 1st period - Sam Gagner wins face-off versus Tyler Bozak in Predators zone.
10:57 of 1st period - Sam Gagner is hit by Slava Voynov.
11:03 of 1st period - Shot by Matt Kinch.
11:03 of 1st period - Shot Misses the Net.
11:10 of 1st period - Off-side.
11:11 of 1st period - Patrick Eaves wins face-off versus Vincent Lecavalier in neutral zone.
11:17 of 1st period - Icing by Morgan Rielly.
11:18 of 1st period - Kyle Okposo wins face-off versus Vincent Lecavalier in Oilers zone.
12:11 of 1st period - Ladislav Smid is hit by Dougie Hamilton and loses puck.
12:34 of 1st period - R.J. Umberger is hit by Brent Aubin and loses puck.
12:45 of 1st period - Shot by Derek Roy.
12:45 of 1st period - Stopped by Ben Bishop without a rebound.
12:46 of 1st period - Tyler Bozak wins face-off versus Sam Gagner in Oilers zone.
12:47 of 1st period - Shot by Tuomo Ruutu.
12:47 of 1st period - Deflect By Ondrej Palat.
12:47 of 1st period - Stopped by Ben Bishop without a rebound.
12:48 of 1st period - Tyler Bozak wins face-off versus Sam Gagner in Oilers zone.
14:07 of 1st period - Icing by Tom Gilbert.
14:08 of 1st period - Brandon Dubinsky wins face-off versus Sam Gagner in Oilers zone.
14:47 of 1st period - Shot by Danny Dekeyser.
14:47 of 1st period - Shot Blocked by Morgan Rielly.
14:49 of 1st period - Shot by Danny Dekeyser.
14:49 of 1st period - Shot Misses the Net.
14:51 of 1st period - Shot by Ryan Callahan.
14:51 of 1st period - Shot Misses the Net.
15:39 of 1st period - Icing by Brenden Dillon.
15:40 of 1st period - Boyd Gordon wins face-off versus Tim Connolly in Predators zone.
15:47 of 1st period - Brent Aubin is hit by Paul Byron and loses puck.
16:59 of 1st period - Icing by Danny Dekeyser.
17:00 of 1st period - Derek Roy wins face-off versus Mike Hoffman in Predators zone.
17:08 of 1st period - Jori Lehtera is hit by Ladislav Smid and loses puck.
17:14 of 1st period - Minor Penalty to Ladislav Smid for Hooking.
17:15 of 1st period - Vincent Lecavalier wins face-off versus Boyd Gordon in Predators zone.
17:16 of 1st period - Shot by Tom Gilbert.
17:16 of 1st period - Stopped by Cam Ward without a rebound.
17:17 of 1st period - Paul Byron wins face-off versus Vincent Lecavalier in Predators zone.
17:40 of 1st period - Shot by Tom Gilbert.
17:40 of 1st period - Stopped by Cam Ward with a rebound.
17:42 of 1st period - Shot by Sam Gagner.
17:42 of 1st period - Stopped by Cam Ward without a rebound.
17:43 of 1st period - Vincent Lecavalier wins face-off versus Boyd Gordon in Predators zone.
17:52 of 1st period - Shot by Scott Glennie.
17:52 of 1st period - Shot Misses the Net.
17:54 of 1st period - Shot by Daniel Sedin.
17:54 of 1st period - Goal by Daniel Sedin - Oilers : 1 - Predators : 1.
17:55 of 1st period - Jori Lehtera wins face-off versus Derek Roy in neutral zone.
18:40 of 1st period - Shot by R.J. Umberger.
18:40 of 1st period - Stopped by Ben Bishop without a rebound.
18:41 of 1st period - Brandon Dubinsky wins face-off versus Vincent Lecavalier in Oilers zone.
18:48 of 1st period - Shot by Kyle Okposo.
18:48 of 1st period - Stopped by Ben Bishop with a rebound.
18:59 of 1st period - Vincent Lecavalier is hit by Ladislav Smid and loses puck.
19:06 of 1st period - Shot by Scott Glennie.
19:06 of 1st period - Stopped by Cam Ward without a rebound.
19:07 of 1st period - Tyler Bozak wins face-off versus Tim Connolly in Predators zone.
Goals for this period are 1 for Oilers vs 1 for Predators.
Shots for this period are 11 for Oilers vs 12 for Predators.

2nd period


0:01 of 2nd period - Vincent Lecavalier wins face-off versus Brandon Dubinsky in neutral zone.
0:03 of 2nd period - Tom Gilbert is hit by Ladislav Smid and loses puck.
0:04 of 2nd period - Minor Penalty to Ladislav Smid for Cross-checking.
0:05 of 2nd period - Brandon Dubinsky wins face-off versus Vincent Lecavalier in Predators zone.
0:19 of 2nd period - Shot by Scott Glennie.
0:19 of 2nd period - Goal by Scott Glennie - Oilers : 2 - Predators : 1.
0:20 of 2nd period - Tim Connolly wins face-off versus Brandon Dubinsky in neutral zone.
0:22 of 2nd period - Andrej Sekera is hit by Brandon Dubinsky and loses puck.
0:29 of 2nd period - Shot by Tim Connolly.
0:29 of 2nd period - Stopped by Cam Ward without a rebound.
0:30 of 2nd period - Vincent Lecavalier wins face-off versus Derek Roy in Predators zone.
0:53 of 2nd period - Shot by R.J. Umberger.
0:53 of 2nd period - Deflect By Derek Roy.
0:53 of 2nd period - Stopped by Ben Bishop without a rebound.
0:54 of 2nd period - Brandon Dubinsky wins face-off versus Tim Connolly in Oilers zone.
1:17 of 2nd period - Kyle Okposo is hit by Brent Aubin and loses puck.
1:55 of 2nd period - Shot by Ondrej Palat.
1:55 of 2nd period - Stopped by Ben Bishop without a rebound.
1:56 of 2nd period - Vincent Lecavalier wins face-off versus Derek Roy in Oilers zone.
2:00 of 2nd period - Off-side.
2:01 of 2nd period - Vincent Lecavalier wins face-off versus Tyler Bozak in neutral zone.
2:18 of 2nd period - Shot by Tyler Bozak.
2:18 of 2nd period - Goal by Tyler Bozak - Oilers : 2 - Predators : 2.
2:19 of 2nd period - Sam Gagner wins face-off versus Derek Roy in neutral zone.
2:43 of 2nd period - Shot by Patrick Eaves.
2:43 of 2nd period - Deflect By R.J. Umberger.
2:43 of 2nd period - Stopped by Ben Bishop without a rebound.
2:44 of 2nd period - Vincent Lecavalier wins face-off versus Boyd Gordon in Oilers zone.
3:24 of 2nd period - Scott Glennie is hit by Ladislav Smid and loses puck.
4:17 of 2nd period - Shot by Ondrej Palat.
4:17 of 2nd period - Shot Misses the Net.
4:27 of 2nd period - Shot by Ondrej Palat.
4:27 of 2nd period - Stopped by Ben Bishop with a rebound.
4:55 of 2nd period - Shot by Kyle Okposo.
4:55 of 2nd period - Stopped by Ben Bishop without a rebound.
4:56 of 2nd period - Derek Roy wins face-off versus Tim Connolly in Oilers zone.
5:06 of 2nd period - Minor Penalty to Derek Roy for Holding.
5:07 of 2nd period - Vincent Lecavalier wins face-off versus Brandon Dubinsky in Predators zone.
5:15 of 2nd period - Shot by Daniel Sedin.
5:15 of 2nd period - Stopped by Cam Ward without a rebound.
5:16 of 2nd period - Vincent Lecavalier wins face-off versus Boyd Gordon in Predators zone.
5:31 of 2nd period - Shot by Daniel Sedin.
5:31 of 2nd period - Shot Misses the Net.
5:33 of 2nd period - Shot by Daniel Sedin.
5:33 of 2nd period - Stopped by Cam Ward without a rebound.
5:34 of 2nd period - Vincent Lecavalier wins face-off versus Boyd Gordon in Predators zone.
5:34 of 2nd period - Andrej Sekera is hit by Brenden Dillon and loses puck.
5:35 of 2nd period - Andrej Sekera from Oilers is injured at 5:35 of 2nd period (Sprained Left Knee).
5:36 of 2nd period - Brandon Dubinsky wins face-off versus Vincent Lecavalier in Predators zone.
5:49 of 2nd period - Shot by Tom Gilbert.
5:49 of 2nd period - Shot Misses the Net.
5:51 of 2nd period - Shot by Morgan Rielly.
5:51 of 2nd period - Stopped by Cam Ward without a rebound.
5:52 of 2nd period - Vincent Lecavalier wins face-off versus Brandon Dubinsky in Predators zone.
5:57 of 2nd period - Shot by Dougie Hamilton.
5:57 of 2nd period - Stopped by Cam Ward without a rebound.
5:58 of 2nd period - Vincent Lecavalier wins face-off versus Brandon Dubinsky in Predators zone.
6:15 of 2nd period - Daniel Sedin is hit by Ryan Callahan and loses puck.
7:42 of 2nd period - Shot by Patrick Eaves.
7:42 of 2nd period - Stopped by Ben Bishop with a rebound.
8:04 of 2nd period - J.P. Dumont is hit by Tuomo Ruutu and loses puck.
8:35 of 2nd period - Shot by Tuomo Ruutu.
8:35 of 2nd period - Shot Misses the Net.
8:50 of 2nd period - Icing by Tom Gilbert.
8:51 of 2nd period - Brandon Dubinsky wins face-off versus Tim Connolly in Oilers zone.
8:56 of 2nd period - Shot by Ryan Callahan.
8:56 of 2nd period - Stopped by Ben Bishop with a rebound.
8:58 of 2nd period - Shot by Ryan Callahan.
8:58 of 2nd period - Stopped by Ben Bishop without a rebound.
8:59 of 2nd period - Vincent Lecavalier wins face-off versus Brandon Dubinsky in Oilers zone.
9:14 of 2nd period - Shot by Ryan Callahan.
9:14 of 2nd period - Deflect By Kyle Okposo.
9:14 of 2nd period - Shot Misses the Net.
9:16 of 2nd period - Shot by Ryan Callahan.
9:16 of 2nd period - Shot Misses the Net.
9:18 of 2nd period - Shot by Ryan Callahan.
9:18 of 2nd period - Stopped by Ben Bishop without a rebound.
9:19 of 2nd period - Sam Gagner wins face-off versus Derek Roy in Oilers zone.
9:23 of 2nd period - Off-side.
9:24 of 2nd period - Vincent Lecavalier wins face-off versus Brandon Dubinsky in neutral zone.
10:29 of 2nd period - Ladislav Smid is hit by Alex Burrows and loses puck.
10:33 of 2nd period - Patrick Eaves is hit by Sam Gagner and loses puck.
10:50 of 2nd period - Shot by Danny Dekeyser.
10:50 of 2nd period - Shot Misses the Net.
10:52 of 2nd period - Shot by Ladislav Smid.
10:52 of 2nd period - Shot Misses the Net.
10:54 of 2nd period - Shot by Derek Roy.
10:54 of 2nd period - Stopped by Ben Bishop without a rebound.
10:55 of 2nd period - Tyler Bozak wins face-off versus Tim Connolly in Oilers zone.
12:16 of 2nd period - Ladislav Smid is hit by Vincent Lecavalier and loses puck.
13:34 of 2nd period - Shot by Ryan Callahan.
13:34 of 2nd period - Shot Blocked by Jared Cowen.
13:47 of 2nd period - Sam Gagner is hit by Derek Roy and loses puck.
14:29 of 2nd period - Icing by Alex Burrows.
14:30 of 2nd period - Tyler Bozak wins face-off versus Sam Gagner in Oilers zone.
14:51 of 2nd period - Shot by Ondrej Palat.
14:51 of 2nd period - Shot Blocked by Vincent Lecavalier.
14:53 of 2nd period - Shot by Ondrej Palat.
14:53 of 2nd period - Stopped by Ben Bishop without a rebound.
14:54 of 2nd period - Brandon Dubinsky wins face-off versus Tim Connolly in Oilers zone.
14:54 of 2nd period - Brandon Dubinsky is hit by Dougie Hamilton.
14:56 of 2nd period - Shot by Kyle Okposo.
14:56 of 2nd period - Stopped by Ben Bishop without a rebound.
14:57 of 2nd period - Tim Connolly wins face-off versus Kyle Okposo in Oilers zone.
15:39 of 2nd period - Shot by Brent Aubin.
15:39 of 2nd period - Stopped by Cam Ward with a rebound.
17:18 of 2nd period - Derek Roy is hit by Mark Arcobello and loses puck.
17:40 of 2nd period - Icing by Slava Voynov.
17:41 of 2nd period - Boyd Gordon wins face-off versus Tim Connolly in Predators zone.
17:46 of 2nd period - Shot by Tim Connolly.
17:46 of 2nd period - Shot Misses the Net.
18:38 of 2nd period - Shot by Danny Dekeyser.
18:38 of 2nd period - Shot Blocked by Tim Connolly.
18:51 of 2nd period - Kyle Okposo is hit by Matt Kinch and loses puck.
19:23 of 2nd period - Icing by J.P. Dumont.
19:24 of 2nd period - Tim Connolly wins face-off versus Tyler Bozak in Oilers zone.
19:28 of 2nd period - Matt Kinch is hit by Kevan Miller and loses puck.
Goals for this period are 1 for Oilers vs 1 for Predators.
Shots for this period are 7 for Oilers vs 13 for Predators.

3rd period


0:01 of 3rd period - Derek Roy wins face-off versus Vincent Lecavalier in neutral zone.
0:03 of 3rd period - R.J. Umberger is hit by Jared Cowen and loses puck.
0:10 of 3rd period - Shot by Scott Glennie.
0:10 of 3rd period - Shot Misses the Net.
0:12 of 3rd period - Shot by Daniel Sedin.
0:12 of 3rd period - Goal by Daniel Sedin - Oilers : 3 - Predators : 2.
0:13 of 3rd period - Tim Connolly wins face-off versus Brandon Dubinsky in neutral zone.
0:27 of 3rd period - Kyle Okposo is hit by Dougie Hamilton and loses puck.
0:42 of 3rd period - Shot by Tim Connolly.
0:42 of 3rd period - Stopped by Cam Ward without a rebound.
0:43 of 3rd period - Daniel Sedin wins face-off versus R.J. Umberger in Predators zone.
0:57 of 3rd period - Ladislav Smid is hit by Jared Cowen and loses puck.
1:07 of 3rd period - Derek Roy is hit by Jared Cowen.
1:45 of 3rd period - Alex Burrows is hit by Tuomo Ruutu and loses puck.
1:55 of 3rd period - Minor Penalty to Brenden Dillon for Roughing.
1:56 of 3rd period - Ryan Callahan wins face-off versus Vincent Lecavalier in Predators zone.
2:50 of 3rd period - Ryan Callahan is hit by Scott Glennie and loses puck.
2:57 of 3rd period - Shot by Morgan Rielly.
2:57 of 3rd period - Stopped by Cam Ward without a rebound.
2:58 of 3rd period - Vincent Lecavalier wins face-off versus Boyd Gordon in Predators zone.
3:01 of 3rd period - Shot by Daniel Sedin.
3:01 of 3rd period - Shot Misses the Net.
3:03 of 3rd period - Shot by Morgan Rielly.
3:03 of 3rd period - Stopped by Cam Ward without a rebound.
3:04 of 3rd period - Vincent Lecavalier wins face-off versus Brandon Dubinsky in Predators zone.
3:15 of 3rd period - Shot by Jared Cowen.
3:15 of 3rd period - Stopped by Cam Ward without a rebound.
3:16 of 3rd period - Vincent Lecavalier wins face-off versus Boyd Gordon in Predators zone.
3:27 of 3rd period - Shot by Morgan Rielly.
3:27 of 3rd period - Stopped by Cam Ward with a rebound.
3:53 of 3rd period - Shot by Paul Byron.
3:53 of 3rd period - Shot Blocked by Tom Gilbert.
4:00 of 3rd period - Icing by Matt Kinch.
4:01 of 3rd period - Tim Connolly wins face-off versus Tyler Bozak in Oilers zone.
4:39 of 3rd period - Shot by J.P. Dumont.
4:39 of 3rd period - Stopped by Cam Ward without a rebound.
4:40 of 3rd period - Jori Lehtera wins face-off versus Brandon Dubinsky in Predators zone.
4:43 of 3rd period - Shot by Morgan Rielly.
4:43 of 3rd period - Stopped by Cam Ward without a rebound.
4:44 of 3rd period - Brandon Dubinsky wins face-off versus Jori Lehtera in Predators zone.
5:13 of 3rd period - Shot by Brandon Dubinsky.
5:13 of 3rd period - Stopped by Ben Bishop without a rebound.
5:14 of 3rd period - Derek Roy wins face-off versus Scott Glennie in Oilers zone.
5:18 of 3rd period - Shot by Derek Roy.
5:18 of 3rd period - Shot Blocked by Morgan Rielly.
5:20 of 3rd period - Shot by Kevan Miller.
5:20 of 3rd period - Shot Misses the Net.
5:22 of 3rd period - Shot by Patrick Eaves.
5:22 of 3rd period - Stopped by Ben Bishop without a rebound.
5:23 of 3rd period - Vincent Lecavalier wins face-off versus Tyler Bozak in Oilers zone.
5:44 of 3rd period - Shot by Scott Glennie.
5:44 of 3rd period - Deflect By Daniel Sedin.
5:44 of 3rd period - Stopped by Cam Ward without a rebound.
5:45 of 3rd period - Sam Gagner wins face-off versus Brandon Dubinsky in Predators zone.
5:50 of 3rd period - Shot by Gustav Nyquist.
5:50 of 3rd period - Shot Misses the Net.
6:12 of 3rd period - Shot by Danny Dekeyser.
6:12 of 3rd period - Shot Blocked by Morgan Rielly.
6:30 of 3rd period - Shot by Ryan Callahan.
6:30 of 3rd period - Shot Misses the Net.
7:00 of 3rd period - Chris Harrington is hit by Alex Burrows and loses puck.
7:23 of 3rd period - Icing by Morgan Rielly.
7:24 of 3rd period - Sam Gagner wins face-off versus Tyler Bozak in Oilers zone.
7:24 of 3rd period - Sam Gagner is hit by Tuomo Ruutu.
7:35 of 3rd period - Icing by Brenden Dillon.
7:36 of 3rd period - Ondrej Palat wins face-off versus Vincent Lecavalier in Predators zone.
7:49 of 3rd period - Shot by Tyler Bozak.
7:49 of 3rd period - Shot Misses the Net.
7:52 of 3rd period - Icing by Matt Kinch.
7:53 of 3rd period - Vincent Lecavalier wins face-off versus Boyd Gordon in Oilers zone.
8:22 of 3rd period - Shot by Paul Byron.
8:22 of 3rd period - Shot Hit the Post.
9:34 of 3rd period - Minor Penalty to Ryan Callahan for Roughing.
9:35 of 3rd period - Boyd Gordon wins face-off versus Sam Gagner in Predators zone.
9:35 of 3rd period - Boyd Gordon is hit by Vincent Lecavalier.
9:51 of 3rd period - Shot by Daniel Sedin.
9:51 of 3rd period - Deflect By Vincent Lecavalier.
9:51 of 3rd period - Stopped by Cam Ward without a rebound.
9:52 of 3rd period - Vincent Lecavalier wins face-off versus Boyd Gordon in Predators zone.
10:06 of 3rd period - Off-side.
10:07 of 3rd period - Vincent Lecavalier wins face-off versus Brandon Dubinsky in neutral zone.
10:10 of 3rd period - Shot by Vincent Lecavalier.
10:10 of 3rd period - Shot Hit the Post.
10:12 of 3rd period - Shot by Morgan Rielly.
10:12 of 3rd period - Stopped by Cam Ward without a rebound.
10:13 of 3rd period - Boyd Gordon wins face-off versus Daniel Sedin in Predators zone.
11:06 of 3rd period - Shot by Tim Connolly.
11:06 of 3rd period - Deflect By Sam Gagner.
11:06 of 3rd period - Stopped by Cam Ward with a rebound.
11:18 of 3rd period - Shot by Tim Connolly.
11:18 of 3rd period - Shot Misses the Net.
12:26 of 3rd period - J.P. Dumont is hit by Tuomo Ruutu and loses puck.
12:50 of 3rd period - Icing by Derek Roy.
12:51 of 3rd period - Sam Gagner wins face-off versus Derek Roy in Predators zone.
12:51 of 3rd period - Sam Gagner is hit by Ladislav Smid.
12:53 of 3rd period - Shot by Alex Burrows.
12:53 of 3rd period - Shot Misses the Net.
12:58 of 3rd period - Icing by Derek Roy.
12:59 of 3rd period - Vincent Lecavalier wins face-off versus Derek Roy in Predators zone.
13:37 of 3rd period - Icing by Vincent Lecavalier.
13:38 of 3rd period - Brandon Dubinsky wins face-off versus Vincent Lecavalier in Oilers zone.
13:43 of 3rd period - Shot by Brandon Dubinsky.
13:43 of 3rd period - Deflect By Kyle Okposo.
13:43 of 3rd period - Stopped by Ben Bishop without a rebound.
13:44 of 3rd period - Brent Aubin wins face-off versus Brandon Dubinsky in Oilers zone.
13:44 of 3rd period - Brent Aubin is hit by Ryan Callahan.
13:54 of 3rd period - Shot by J.P. Dumont.
13:54 of 3rd period - Shot Blocked by Slava Voynov.
13:56 of 3rd period - Shot by J.P. Dumont.
13:56 of 3rd period - Stopped by Cam Ward without a rebound.
13:57 of 3rd period - Tyler Bozak wins face-off versus Sam Gagner in Predators zone.
14:20 of 3rd period - Shot by Alex Burrows.
14:20 of 3rd period - Shot Misses the Net.
14:22 of 3rd period - Shot by Alex Burrows.
14:22 of 3rd period - Stopped by Cam Ward with a rebound.
14:49 of 3rd period - Matt Kinch is hit by Ladislav Smid and loses puck.
14:52 of 3rd period - Shot by Vincent Lecavalier.
14:52 of 3rd period - Shot Hit the Post.
14:54 of 3rd period - Shot by Matt Kinch.
14:54 of 3rd period - Deflect By Vincent Lecavalier.
14:54 of 3rd period - Stopped by Cam Ward without a rebound.
14:55 of 3rd period - Brandon Dubinsky wins face-off versus Tim Connolly in Predators zone.
15:58 of 3rd period - Icing by Kevan Miller.
15:59 of 3rd period - Brandon Dubinsky wins face-off versus Sam Gagner in Predators zone.
15:59 of 3rd period - Brandon Dubinsky is hit by Sam Gagner.
16:57 of 3rd period - Shot by Scott Glennie.
16:57 of 3rd period - Stopped by Cam Ward without a rebound.
16:58 of 3rd period - Tim Connolly wins face-off versus Paul Byron in Predators zone.
16:59 of 3rd period - Shot by J.P. Dumont.
16:59 of 3rd period - Shot Misses the Net.
17:01 of 3rd period - Shot by Matt Kinch.
17:01 of 3rd period - Stopped by Cam Ward without a rebound.
17:02 of 3rd period - Boyd Gordon wins face-off versus Vincent Lecavalier in Predators zone.
18:06 of 3rd period - Shot by Brent Aubin.
18:06 of 3rd period - Stopped by Cam Ward without a rebound.
18:07 of 3rd period - Sam Gagner wins face-off versus Derek Roy in Predators zone.
18:11 of 3rd period - Icing by Kevan Miller.
18:12 of 3rd period - Derek Roy wins face-off versus Gustav Nyquist in Predators zone.
18:17 of 3rd period - Morgan Rielly is hit by Derek Roy and loses puck.
18:38 of 3rd period - Predators, Cam Ward is pulled from the net.
18:42 of 3rd period - Shot by Patrick Eaves.
18:42 of 3rd period - Shot Misses the Net.
19:05 of 3rd period - Icing by Dougie Hamilton.
19:06 of 3rd period - Vincent Lecavalier wins face-off versus Brandon Dubinsky in Oilers zone.
19:15 of 3rd period - Shot by Vincent Lecavalier.
19:15 of 3rd period - Goal by Vincent Lecavalier - Oilers : 4 - Predators : 2.
19:15 of 3rd period - Cam Ward from Predators was sent back in the game.
19:16 of 3rd period - Tim Connolly wins face-off versus Tyler Bozak in neutral zone.
19:57 of 3rd period - J.P. Dumont is hit by Tuomo Ruutu and loses puck.
Goals for this period are 2 for Oilers vs 0 for Predators.
Shots for this period are 19 for Oilers vs 3 for Predators.